 Dungeon Crawl Stone Soup version 0.28.0-53-g5a82cb258f (webtiles) character file.

Game seed: 13759772911696916025

1210 HarokuSaki the Firebug (level 8, -7/53 (57) HPs)
             Began as a Demonspawn Fire Elementalist on Aug 22, 2022.
             Was a Follower of Qazlal.
             Killed by an exploding water moccasin skeleton (38 damage)
             ... ignited by their inner flame
             ... on level 5 of the Dungeon.
             The game lasted 00:30:23 (5858 turns).

HarokuSaki the Firebug (DsFE)                       Turns: 5858, Time: 00:30:23

HP:   -7/53 (57)    AC:  8    Str: 10    XL:     8   Next: 22%
MP:   10/14         EV: 13    Int: 22    God:    Qazlal [*.....]
Gold: 217           SH:  1    Dex: 15    Spells: 1/16 levels left

rFire   . . .      SeeInvis .   g - +4 quarterstaff (chaos)
rCold   . . .      Faith    .   (shield currently unavailable)
rNeg    . . .      Spirit   .   d - +2 robe {Will+}
rPois   .          Reflect  .   (no helmet)
rElec   .          Harm     .   f - +2 cloak {rCorr}
rCorr   +          Rampage  .   (no gloves)
Will    +....                   (no boots)
Stlth   ++........              (no amulet)
HPRegen 0.17/turn               i - +6 ring of intelligence
MPRegen 0.28/turn               (no ring)

@: mighty, drained
A: claws 1, magic regeneration, sharp scales 1
a: Renounce Religion


You were on level 5 of the Dungeon.
You worshipped Qazlal.
Qazlal was aware of your devotion.
You visited 1 branch of the dungeon, and saw 5 of its levels.

You collected 217 gold pieces.

Inventory:

Hand Weapons
 g - a +4 quarterstaff of chaos (weapon)
Armour
 d - a +2 robe of willpower (worn)
 f - a +2 cloak of preservation (worn)
Jewellery
 i - a +6 ring of intelligence (left claw)
Wands
 e - a wand of digging (5)
 j - a wand of polymorph (4)
Scrolls
 a - a scroll of enchant armour
 b - a scroll of fear {unknown}
 k - a scroll of vulnerability {unknown}
Potions
 c - 3 potions of curing
 h - a potion of might
 l - a potion of resistance {unknown}
 m - a potion of lignification {unknown}


   Skills:
 * Level 2.7 Fighting
 * Level 2.3(2.4) Maces & Flails
 + Level 0.4(0.9) Polearms
 * Level 1.1(2.0) Staves
 * Level 1.4 Armour
 * Level 3.3 Dodging
 * Level 2.8 Stealth
 * Level 1.8 Unarmed Combat
 * Level 4.5 Spellcasting
 * Level 2.3 Conjurations
 + Level 0.3 Hexes
 * Level 4.6 Fire Magic
 * Level 1.8 Ice Magic
 * Level 0.2 Invocations
 * Level 0.1 Evocations


You had one spell level left.
You knew the following spells:

 Your Spells              Type           Power      Damage    Failure   Level
a - Foxfire               Conj/Fire      80%        2x1d8     2%          1
b - Freeze                Ice            52%        1d7       4%          1
c - Scorch                Fire           50%        2d8       2%          2
d - Inner Flame           Hex/Fire       15%        N/A       12%         3
e - Flame Wave            Conj/Fire      20%        2d7       26%         4
f - Hailstorm             Conj/Ice       14%        3d5       41%         4

Your spell library contained the following spells:

 Spells                   Type           Power      Damage    Failure   Level
 Sting                    Tmut/Pois      16%        1d3       11%         1
 Conjure Flame            Conj/Fire      20%        6-21      8%          3
 Frozen Ramparts          Ice            26%        1d4       14%         3
 Poisonous Vapours        Pois/Air       8%         N/A       16%         2
 Olgreb's Toxic Radiance  Pois           4%         N/A       71%         4


Dungeon Overview and Level Annotations

Branches:
Dungeon (5/15)
 Temple: D:4-7

Altars:
Hepliaklqana
Qazlal

Portals:
Abyss: D:5

Annotations:
D:5 2 transporters, Edmund; safid's ghost, novice HOFi


Innate Abilities, Weirdness & Mutations

You have sharp fingernails.
You regenerate magic rapidly.
You are partially covered in razor-sharp scales. (AC +1, Slay +1)


Message History

Edmund hits you with a +1 flail of draining.
You feel drained.
The water moccasin skeleton barely misses you.
Your foxfire dissipates!
The foxfire hits Edmund but does no damage.
Edmund is lightly wounded.
Edmund says, "People accused me of being a cutpurse!"
Edmund closely misses you.
Casting: Foxfire (safe; 2% risk of failure)
Confirm with . or Enter, or press ? or * to list all spells.
You conjure some foxfire!
What are your orders? t - Shout!
Orders for allies: a - Attack new target. p - Attack previous target. r - Retreat! s - Stop attacking. g - Guard the area. f - Follow me.
Anything else - Cancel.
Gang up on whom?
Press: ? - help, Dir - move target, f/p - water moccasin skeleton
Aim: a water moccasin skeleton (moderately damaged, inner flame) Attack!
The foxfire hits Edmund.
Edmund is lightly wounded.
The foxfire hits Edmund but does no damage.
Edmund is lightly wounded.
The water moccasin skeleton misses you.
You barely miss the water moccasin skeleton.
The water moccasin skeleton is moderately damaged.
Edmund barely misses you.
The water moccasin skeleton is engulfed in blazing flames.
Flame seeps out of the water moccasin skeleton.
The water moccasin skeleton bites you but does no damage.
Edmund closely misses you.
The water moccasin skeleton is engulfed in blazing flames.
Flame seeps out of the water moccasin skeleton.
You sock the water moccasin skeleton! Qazlal accepts your kill.
The water moccasin skeleton explodes!
The fiery explosion engulfs you!!!
Ouch! That really hurt!
You die...

... #.....#.##
....###...###
.#.# ..........#
.©.
....##...###..###
.. ##..#$..##.#
#†.##.##..##
#...###....###
#...°@§.......
#...§§@.......
######§#.#####
#.# .. #.# ## #.#
#.# #.# #.#


You could see Edmund.

Vanquished Creatures
  The ghost of fleet the Cutter, an amateur KoBr (D:4)
  Sigmund (D:2)
  2 necrophages
  A centaur (D:5)
  An ogre (D:4)
  A water moccasin skeleton (D:5)
  3 wights (D:4)
  A hound (D:5)
  2 jellies
  Crazy Yiuf (D:3)
  A bullfrog skeleton (D:4)
  Terence (D:2)
  3 orc wizards
  Robin (D:2)
  3 gnolls (D:2)
  4 adders
  A worm (D:2)
  5 dart slugs
  12 orcs
  3 endoplasms (D:2)
  4 giant cockroaches
  15 goblins
  6 hobgoblins
  6 jackals (D:2)
  3 kobolds
  A quokka (D:1)
  8 ball pythons
  8 bats
  3 frilled lizards
  5 rats
107 creatures vanquished.

Vanquished Creatures (others)
  25 foxfires
25 creatures vanquished.

Grand Total: 132 creatures vanquished

Notes
Turn   | Place    | Note
-------+----------+-------------------------------------------
     0 | D:1      | HarokuSaki the Demonspawn Fire Elementalist began the quest
                  | for the Orb.
     0 | D:1      | Reached XP level 1. HP: 13/13 MP: 3/3
    83 | D:1      | Learned a level 1 spell: Freeze
   349 | D:1      | Gained mutation: You have sharp fingernails. [demonic
                  | ancestry]
   349 | D:1      | Reached XP level 2. HP: 19/19 MP: 0/5
   440 | D:1      | Learned a level 2 spell: Scorch
  1487 | D:2      | Gained mutation: You are partially covered in razor-sharp
                  | scales. (AC +1, Slay +1) [demonic ancestry]
  1487 | D:2      | Reached XP level 3. HP: 25/25 MP: 0/6
  1546 | D:2      | Learned a level 3 spell: Inner Flame
  1653 | D:2      | Noticed Terence
  1658 | D:2      | Killed Terence
  1743 | D:2      | Noticed Robin
  1747 | D:2      | Reached XP level 4. HP: 31/31 MP: 8/8
  1780 | D:2      | Killed Robin
  2218 | D:2      | Reached skill level 1 in Fighting
  2218 | D:2      | Reached skill level 1 in Ice Magic
  2218 | D:2      | Gained mutation: You regenerate magic rapidly. [demonic
                  | ancestry]
  2218 | D:2      | Reached XP level 5. HP: 35/37 MP: 3/9
  2568 | D:2      | Noticed Sigmund
  3177 | D:3      | Found a hazy altar of Hepliaklqana.
  3489 | D:3      | Found a stormy altar of Qazlal.
  3495 | D:3      | Became a worshipper of Qazlal Stormbringer
  3629 | D:3      | Reached skill level 1 in Maces & Flails
  4050 | D:3      | Noticed a necrophage
  4057 | D:3      | Killed a necrophage
  4058 | D:3      | Reached skill level 1 in Unarmed Combat
  4058 | D:3      | Reached XP level 6. HP: 43/44 MP: 4/11
  4331 | D:3      | Found a runed translucent door.
  4332 | D:3      | Noticed Crazy Yiuf
  4341 | D:3      | Killed Crazy Yiuf
  4881 | D:2      | Killed Sigmund
  4882 | D:2      | Reached XP level 7. HP: 49/50 MP: 5/12
  4914 | D:3      | Learned a level 4 spell: Flame Wave
  4987 | D:4      | Reached skill level 1 in Armour
  5164 | D:4      | Identified the +2 leather armour "Reidixzo" {-Cast Fly
                  | Dex+4 Stlth+}
  5234 | D:4      | Reached * piety under Qazlal
  5323 | D:4      | Found a runed translucent door.
  5333 | D:4      | Reached skill level 1 in Staves
  5343 | D:4      | Noticed fleet's ghost (amateur KoBr)
  5351 | D:4      | Killed fleet's ghost
  5352 | D:4      | Reached XP level 8. HP: 51/57 MP: 2/14
  5556 | D:4      | Learned a level 4 spell: Hailstorm
  5695 | D:5      | Entered Level 5 of the Dungeon
  5781 | D:5      | Found a transporter.
  5794 | D:5      | Found a one-way gate to the infinite horrors of the Abyss.
  5794 | D:5      | Noticed safid's ghost (novice HOFi)
  5821 | D:5      | Found a transporter.
  5842 | D:5      | Noticed Edmund
  5858 | D:5      | Killed by an exploding water moccasin skeleton... ignited
                  | by their inner flame

Illustrated notes

Levels and vault maps discovered:
D:1:      amcnicky_arrival_underground_garden, layout_loops_ring,
          grunt_decor_clamped
D:2:      layout_loops_corners, uniq_robin, uniq_terence, uniq_sigmund
D:3:      layout_basic, mainiacjoe_overflow_paths,
          mainiacjoe_overflow_six_doors_small, uniq_crazy_yiuf_cottage
D:4:      layout_rooms, ebering_ghost_reflecting_pool
D:5:      layout_basic, gammafunk_ghost_abyssal_escape, uniq_edmund

Skill      XL: |  1  2  3  4  5  6  7 |
---------------+----------------------+-----
Dodging        | 2 3 |  3.3
Fire Magic     | 3 4 |  4.6
Fighting       | 1 2 |  2.7
Ice Magic      | 1 |  1.8
Maces & Flails | 1 2 |  2.3
Stealth        | 2 |  2.8
Spellcasting   | 3 4 |  4.5
Unarmed Combat | 1 |  1.8
Conjurations   | 2 |  2.3
Armour         | 1 |  1.4
Staves         | 1 |  1.1
Polearms       | |  0.4
Hexes          | |  0.3
Invocations    | |  0.2
Evocations     | |  0.1

Action                   |  1- 3 |  4- 6 |  7- 9 || total
-------------------------+-------+-------+-------++-------
Melee: Unarmed           |     4 |       |       ||     4
       Whip              |     3 |       |       ||     3
       Trident           |     3 |    44 |       ||    47
       Punch             |       |     1 |       ||     1
       Quarterstaff      |       |       |    20 ||    20
 Cast: Freeze            |    19 |       |       ||    19
       Foxfire           |     5 |     5 |     6 ||    16
       Scorch            |    18 |    48 |    42 ||   108
       Inner Flame       |       |     5 |     5 ||    10
       Flame Wave        |       |       |     1 ||     1
  Use: Scroll            |     1 |     4 |     1 ||     6
       Potion            |     1 |     1 |     1 ||     3
 Stab: Sleeping          |       |     2 |     1 ||     3
Armor: Robe              |     8 |       |    17 ||    25
       Skin              |     2 |    11 |       ||    13
Dodge: Dodged            |    54 |    42 |    33 ||   129
